 Dungeon Crawl Stone Soup version 0.29-a0-356-g7bc237e783 (webtiles) character file.

Game seed: 18204356593552585150

54 spaghetti the Thaumaturge (level 3, 0/28 HPs)
             Began as a Gnoll Wanderer on Apr 25, 2022.
             Slain by an iron imp (3 damage)
             ... summoned by Natasha
             ... on level 2 of the Dungeon.
             The game lasted 00:02:57 (1171 turns).

spaghetti the Thaumaturge (Gnoll Wanderer)          Turns: 1171, Time: 00:02:58

Health: 0/28       AC:  3    Str: 11    XL:     3   Next: 91%
Magic:  9/13       EV: 11    Int: 13    God:
Gold:   41         SH:  0    Dex: 11    Spells: 19/20 levels left

rFire   . . .      SeeInvis .   a - +0 short sword {short}
rCold   . . .      Faith    .   (no shield)
rNeg    . . .      Spirit   .   d - +0 robe
rPois   .          Reflect  .   (no helmet)
rElec   .          Harm     .   (no cloak)
rCorr   .          Rampage  .   b - +0 pair of gloves
Will    .....                   (no boots)
Stlth   ++........              (no amulet)
HPRegen 0.09/turn               (no ring)
MPRegen 0.13/turn               (no ring)

@: mighty
A: fangs 1, strong nose, distributed training
a: no special abilities


You were on level 2 of the Dungeon.
You visited 1 branch of the dungeon, and saw 2 of its levels.

You collected 41 gold pieces.


Innate Abilities, Weirdness & Mutations

You have very sharp teeth.
Your uncanny sense of smell can sniff out nearby items.
Your experience applies equally to all skills.


   Skills:
 + Level 2.6 Fighting
 + Level 2.6 Short Blades
 + Level 1.0 Long Blades
 + Level 1.0 Axes
 + Level 1.0 Maces & Flails
 + Level 1.0 Polearms
 + Level 1.0 Staves
 + Level 1.0 Slings
 + Level 1.0 Bows
 + Level 1.0 Crossbows
 + Level 1.0 Throwing
 + Level 1.0 Armour
 + Level 1.0 Dodging
 + Level 4.2 Stealth
 + Level 1.0 Shields
 + Level 1.0 Unarmed Combat
 + Level 9.3 Spellcasting
 + Level 0.7 Conjurations
 + Level 0.7 Hexes
 + Level 0.7 Summonings
 + Level 0.7 Necromancy
 + Level 0.7 Translocations
 + Level 0.7 Transmutations
 + Level 0.7 Fire Magic
 + Level 0.7 Ice Magic
 + Level 0.7 Air Magic
 + Level 0.7 Earth Magic
 + Level 0.7 Poison Magic
 + Level 2.7 Invocations
 + Level 1.0 Evocations


You had 19 spell levels left.
You knew the following spells:

 Your Spells              Type           Power      Damage    Failure   Level
a - Foxfire               Conj/Fire      28%        2x1d5     9%          1

Your spell library contained the following spells:

 Spells                   Type           Power      Damage    Failure   Level
 Beastly Appendage        Tmut           14%        N/A       9%          1
 Freeze                   Ice            28%        1d5       9%          1
 Sting                    Tmut/Pois      28%        1d4       9%          1
 Poisonous Vapours        Pois/Air       14%        N/A       14%         2
 Scorch                   Fire           14%        2d5       14%         2
 Olgreb's Toxic Radiance  Pois           7%         N/A       65%         4

Inventory:

Hand Weapons
 a - a +0 short sword (weapon) {short}
Missiles
 m - 5 stones (quivered) {throwing}
Armour
 b - a +0 pair of gloves (worn)
 d - a +0 robe (worn)
Scrolls
 c - a scroll of teleportation {@r4}
 f - 2 scrolls of identify {unknown}
 h - a scroll of noise {unknown}
 k - a scroll of torment {unknown}
 l - a scroll of acquirement {unknown}
 o - a scroll of fog {unknown}
Potions
 i - a potion of magic {unknown}
 j - 3 potions of degeneration {unknown}
 n - a potion of cancellation {unknown}

Dungeon Overview and Level Annotations

Branches:
Dungeon (2/15)

Altars:

Annotations:
D:2 Natasha

# ##.. #.....
#.#.#####...
#....#
#......#....
.###....#
#......
......... ...#
#......
........##.#.#
#......
........##.#.#
#......
#....h5##.>.#
.##......
#....5@.#.<#
#.##......
#.####..#..#
#.##.#####
#.....# #.##.#
#.....###.##.#
###..[.##.##.#
###...#.#..#
#####...#.## ∆
...........#
########.###


You could see an iron imp (summoned), Natasha and a shadow imp (summoned).


Message History

Your Unarmed Combat skill increases to level 1!
Your Evocations skill increases to level 1! 😮 HP[-1]
You take 1 damage, and now have 15/28 hp.
Casting: Foxfire (safe; 9% risk of failure)
Confirm with . or Enter, or press ? or * to list all spells.
You conjure some foxfire!
The goblin hits you with a +0 club.
* * * LOW HITPOINT WARNING * * *
😨 HP[-1] MP[-1]
You take 1 damage, and now have 14/28 hp.
You lost 1 mp, and now have 12/13 mp.
Casting: Foxfire (safe; 9% risk of failure)
Confirm with . or Enter, or press ? or * to list all spells.
You conjure some foxfire!
The foxfire hits the goblin.
You kill the goblin! 😨 MP[-1]
You lost 1 mp, and now have 11/13 mp.
Natasha, Servant of Life and Death comes into view. 😮 HP[+2] MP[+2]
You regained 2 hp, and now have 16/28 hp.
Your mp is fully restored (13).
Casting: Foxfire (safe; 9% risk of failure)
Confirm with . or Enter, or press ? or * to list all spells.
You conjure some foxfire!
Natasha casts a spell. 😮 MP[-1]
You lost 1 mp, and now have 12/13 mp.
Casting: Foxfire (safe; 9% risk of failure)
Confirm with . or Enter, or press ? or * to list all spells.
You conjure some foxfire! 😮 MP[-1]
You lost 1 mp, and now have 11/13 mp.
Casting: Foxfire (safe; 9% risk of failure)
Confirm with . or Enter, or press ? or * to list all spells.
You conjure some foxfire!
The foxfire hits the shadow imp but does no damage.
The foxfire hits the shadow imp.
The foxfire hits the shadow imp but does no damage.
The foxfire hits the shadow imp. 😮 MP[-1]
You lost 1 mp, and now have 10/13 mp.
Casting: Foxfire (safe; 9% risk of failure)
Confirm with . or Enter, or press ? or * to list all spells.
You conjure some foxfire!
Natasha mumbles some strange words.
The shadow imp barely misses you. 😮 MP[-1]
You lost 1 mp, and now have 9/13 mp.
Casting: Foxfire (safe; 9% risk of failure)
Confirm with . or Enter, or press ? or * to list all spells.
You miscast Foxfire.
You are very lightly contaminated with residual magic.
Nothing appears to happen.
The foxfire hits the shadow imp.
The foxfire hits the shadow imp but does no damage.
The foxfire hits the shadow imp.
The foxfire hits the shadow imp but does no damage.
The shadow imp closely misses you. 😮 MP[-1]
You lost 1 mp, and now have 8/13 mp.
You hit the shadow imp. Natasha claws you.
* * * LOW HITPOINT WARNING * * *
The shadow imp barely misses you. 😨 HP[-2]
You take 2 damage, and now have 14/28 hp.
You aren't carrying any items that you can evoke.
It was a potion of heal wounds.
You feel much better. The iron imp barely misses you.
Natasha barely misses you.
The shadow imp hits you but does no damage. 😎 HP[+14] MP[+1]
Your hp is fully restored (28).
It was a potion of might.
You feel very mighty all of a sudden.
Natasha hisses.
Natasha claws you. The iron imp hits you. The shadow imp hits you. 😕 HP[-4]
You take 4 damage, and now have 24/28 hp.
Okay, then.
You closely miss Natasha. Natasha claws you. The iron imp barely misses you.
The shadow imp hits you. 😮 HP[-5]
You take 5 damage, and now have 19/28 hp.
You barely miss Natasha. Natasha claws you!
* * * LOW HITPOINT WARNING * * *
The shadow imp hits you but does no damage. 😨 HP[-9]
You take 9 damage, and now have 10/28 hp.
MASSIVE DAMAGE!! (PAUSE) Unknown command.
You hit Natasha.
The iron imp hits you but does no damage.
Natasha claws you!
* * * LOW HITPOINT WARNING * * *
The shadow imp barely misses you.
Your magical contamination has completely faded away. 😱 HP[-7]
You take 7 damage, and now have 3/28 hp.
MASSIVE DAMAGE!! (PAUSE) Unknown command.
You puncture Natasha! The iron imp hits you.
You die...

Skill      XL: |  1  2  3 |
---------------+----------+-----
Spellcasting   | |  9.3
Long Blades    | 1 |  1.0
Axes           | 1 |  1.0
Maces & Flails | 1 |  1.0
Polearms       | 1 |  1.0
Staves         | 1 |  1.0
Slings         | 1 |  1.0
Bows           | 1 |  1.0
Crossbows      | 1 |  1.0
Throwing       | 1 |  1.0
Armour         | 1 |  1.0
Dodging        | 1 |  1.0
Shields        | 1 |  1.0
Unarmed Combat | 1 |  1.0
Evocations     | 1 |  1.0
Fighting       | |  2.6
Short Blades   | |  2.6
Stealth        | |  4.2
Conjurations   | |  0.7
Hexes          | |  0.7
Summonings     | |  0.7
Necromancy     | |  0.7
Translocations | |  0.7
Transmutations | |  0.7
Fire Magic     | |  0.7
Ice Magic      | |  0.7
Air Magic      | |  0.7
Earth Magic    | |  0.7
Poison Magic   | |  0.7
Invocations    | |  2.7

Action                   || total
-------------------------++-------
Melee: Short sword       ||    58
       Bite              ||     3
       Punch             ||     1
 Cast: Foxfire           ||    20
  Use: Potion            ||     2
 Stab: Sleeping          ||     6
Armor: Robe              ||    13
Dodge: Dodged            ||    26

Levels and vault maps discovered:
D:1:      lightli_arrival_farm, layout_basic
D:2:      minmay_inner_zag, layout_rooms, shapermc_ecumenical_altar_hornbeckon,
          uniq_natasha, uniq_robin

Notes
Turn   | Place    | Note
-------+----------+-------------------------------------------
     0 | D:1      | Reached skill level 9 in Spellcasting
     0 | D:1      | spaghetti the Gnoll Wanderer began the quest for the Orb.
     0 | D:1      | spaghetti set off with the following items: a +0 short
                  | sword {short}, a +0 pair of gloves, a scroll of
                  | teleportation {@r4}, a +0 robe; and the following spells
                  | available to memorise: Beastly Appendage, Foxfire, Freeze,
                  | Scorch
     0 | D:1      | Reached XP level 1. HP: 17/17 MP: 10/10
     0 | D:1      | magus.rc [v1.9.6]
     2 | D:1      | Learned a level 1 spell: Foxfire
   318 | D:1      | Reached XP level 2. HP: 22/23 MP: 7/12
   397 | D:1      | You add the spells Sting, Poisonous Vapours and Olgreb's
                  | Toxic Radiance to your library.
   692 | D:1      | Reached XP level 3. HP: 26/28 MP: 13/13
  1129 | D:2      | Noticed Natasha
  1140 | D:2      | Killed Natasha
  1141 | D:2      | Reached skill level 1 in Long Blades
  1141 | D:2      | Reached skill level 1 in Axes
  1141 | D:2      | Reached skill level 1 in Maces & Flails
  1141 | D:2      | Reached skill level 1 in Polearms
  1141 | D:2      | Reached skill level 1 in Staves
  1141 | D:2      | Reached skill level 1 in Slings
  1141 | D:2      | Reached skill level 1 in Bows
  1141 | D:2      | Reached skill level 1 in Crossbows
  1141 | D:2      | Reached skill level 1 in Throwing
  1141 | D:2      | Reached skill level 1 in Armour
  1141 | D:2      | Reached skill level 1 in Dodging
  1141 | D:2      | Reached skill level 1 in Shields
  1141 | D:2      | Reached skill level 1 in Unarmed Combat
  1141 | D:2      | Reached skill level 1 in Evocations
  1159 | D:2      | Noticed Natasha
  1170 | D:2      | HP: 3/28 [Natasha (7)]
  1171 | D:2      | Slain by an iron imp

Vanquished Creatures
  Natasha (D:2)
  2 dart slugs (D:1)
  A ball python (D:1)
  2 bats
  An endoplasm (D:1)
  A giant cockroach (D:1)
  5 goblins
  A hobgoblin (D:1)
  3 jackals (D:1)
  A quokka (D:1)
  2 frilled lizards (D:1)
  A kobold (D:1)
  4 rats (D:1)
25 creatures vanquished.

Vanquished Creatures (others)
  34 foxfires
  7 fungi (D:2)
  3 plants (D:2)
44 creatures vanquished.

Grand Total: 69 creatures vanquished

Table legend:
 A = Non-vault XP
 B = Vault XP
 C = Vault XP percentage of total XP
 D = Non-vault monster count
 E = Vault monster count
 F = Vault count percentage of total count
                 A         B        C        D         E       F
            +---------+---------+-------+---------+---------+-------
      Total |      43 |      35 |  44.9 |      24 |       1 |   4.0
            +---------+---------+-------+---------+---------+-------
        D:1 |      38 |       0 |   0.0 |      21 |       0 |   0.0
        D:2 |       5 |      35 |  87.5 |       3 |       1 |  25.0
            +---------+---------+-------+---------+---------+-------

Illustrated notes

Table legend:
 A = Kills in this place as a percentage of kills in entire the game.
 B = Kills by you in this place as a percentage of kills by you in the entire game.
 C = Kills by friends in this place as a percentage of kills by friends in the entire game.
 D = Other kills in this place as a percentage of other kills in the entire game.
 E = Experience gained in this place as a percentage of experience gained in the entire game.
 F = Experience gained in this place divided by the number of levels of this place that you have seen.
                   A       B       C       D       E      F
               +-------+-------+-------+-------+-------+----------------------
         Total | 100.0 | 100.0 |   N/A |   N/A | 100.0 |  39.0
       Dungeon | 100.0 | 100.0 |   N/A |   N/A | 100.0 |  39.0
               +-------+-------+-------+-------+-------+----------------------

Table legend: (Time is in decaauts)
 A = Elapsed time spent in this place.
 B = Non-inter-level travel time spent in this place.
 C = Inter-level travel time spent in this place.
 D = Time resting spent in this place.
 E = Time spent auto-exploring this place.
 F = Levels seen in this place.
 G = Mean time per level.
                   A        B        C        D        E       F      G
               +--------+--------+--------+--------+--------+-----+--------+
         Total |   1195 |   1136 |     59 |      0 |    950 |   2 |  597.5 |
       Dungeon |   1195 |   1136 |     59 |      0 |    950 |   2 |  597.5 |
               +--------+--------+--------+--------+--------+-----+--------+

Top non-repeatable levels by time:
     D:1: 1067 daAuts
     D:2: 128 daAuts
